 Dungeon Crawl Stone Soup version 0.32-a0-120-gfac0567ad4 (webtiles) character file.

Game seed: 17106611758767916666

2648 lunkers the Basher (level 9, -1/97 HPs)
             Began as an Oni Berserker on Feb 6, 2024.
             Was an Elder of Trog.
             Slain by an orc
             ... wielding a +0 halberd
              (6 damage)
             ... in a bailey.
             The game lasted 00:10:24 (5985 turns).

lunkers the Basher (Oni Berserker)                  Turns: 5985, Time: 00:10:24

Health: -1/97      AC:  6    Str: 27    XL:     9   Next: 62%
Magic:  0/9        EV:  8    Int:  8    God:    Trog [****..]
Gold:   311        SH:  6    Dex:  8    Spells: 8/8 levels left

rFire   . . .        d - +0 morningstar
rCold   + . .        o - +0 kite shield
rNeg    . . .        m - +0 animal skin
rPois   +            (helmet restricted)
rElec   .            n - +2 cloak
rCorr   .            (gloves unavailable)
SInv    .            (boots unavailable)
Will    ++...        i - amulet of guardian spirit
Stlth   +            e - ring of poison resistance
HPRegen 1.36/turn    A - ring of protection from cold
MPRegen 0.11/turn

%: guardian spirit
@: strong-willed, on berserk cooldown, regenerating, slowed, very slow
A: large, unfitting armour, horns 1, tough skin 1, double potion healing,
drunken brawling
a: Renounce Religion, Berserk, Trog's Hand, Brothers in Arms


You were in a bailey.
You worshipped Trog.
Trog was greatly pleased with you.
You visited 1 branch of the dungeon, and saw 7 of its levels.
You also visited: Bailey.

You collected 311 gold pieces.

Inventory:

Hand Weapons
 a - a +0 mace
 b - a +0 giant club
 d - a +0 morningstar (weapon)
 v - a +0 giant spiked club
 y - a +0 flail
Missiles
 c - 6 javelins
 f - 27 poisoned darts
 s - 4 large rocks
 t - 35 stones
 w - 2 boomerangs
Armour
 m - a +0 animal skin (worn)
 n - a +2 cloak (worn)
 o - a +0 kite shield (worn)
Jewellery
 e - a ring of poison resistance (left hand)
 i - an amulet of guardian spirit (around neck)
 k - a +6 ring of intelligence
 A - a ring of protection from cold (right hand)
Wands
 r - a wand of polymorph (10)
Scrolls
 h - a scroll of immolation
Potions
 g - 3 potions of might
 j - 3 potions of lignification
 l - 2 potions of attraction
 p - a potion of heal wounds
 q - 2 potions of haste
 x - 4 potions of curing {unknown}
 z - a potion of cancellation {unknown}


   Skills:
 + Level 8.9 Fighting
 * Level 11.6 Maces & Flails
 - Level 2.6 Dodging
 + Level 1.0 Shields


You had 8 spell levels left.
You didn't know any spells.
Your spell library was empty.

Dungeon Overview and Level Annotations

Branches:
Dungeon (7/15)             Temple (0/1) D:4          Bailey (1/1)

Altars:
Sif Muna

Shops:
D:1 *   D:6 [

Annotations:
D:1 2 transporters


Innate Abilities, Weirdness & Mutations

You are too large for most types of armour.
You have a pair of small horns on your head.
You have tough skin. (AC +1)
You gain doubled healing and magic from potions.
Whenever you drink a healing potion, you attack all around you.


Message History

Unknown command.
The orc barely misses you.
Things that are here:
a +0 spear; a +0 scale mail You sock the orc!
You kill the orc!
Trog accepts your kill. You block the orc's attack.
Your Shields skill increases to level 1!
Things that are here:
a +0 halberd; a +0 chain mail; an orc corpse You feel a strong urge to attack something.
The orc hits you from afar with a +0 trident.
* * * LOW HITPOINT WARNING * * *
The orc hits you with a +0 trident.
* * * LOW HITPOINT WARNING * * *
You sock the orc!
You kill the orc!
Trog accepts your kill. The orc barely misses you.
Unknown command.
The howler monkey hoots and howls with incredible vigour!
The orc hits you but does no damage.
You hear a shout! x2
Things that are here:
a +0 trident; a +0 ring mail Unknown command.
You impale the orc!!
You kill the orc!
Trog accepts your kill.
You hear a shout!
The orc hits you from afar with a +0 halberd!
* * * LOW MAGIC WARNING * * *
* * * LOW HITPOINT WARNING * * *
You are no longer berserk.
You are exhausted.
You feel yourself slow down. You block the orc's attack.
The orc hits you with a +0 halberd!
* * * LOW MAGIC WARNING * * *
You die...

##########+####
#####............≈#
##....≈≈≈≈≈≈≈≈≈...≈#
#.⌠.≈≈≈.......≈≈..≈#
#..≈≈oo≈≈≈≈≈≈≈....≈≈
#o≈≈o≈≈≈.....≈≈≈...≈
##.≈@≈≈..≈≈≈≈≈..≈≈..⌠
#h≈≈)≈.≈≈≈...≈≈≈.≈≈.$
#)≈.≈≈)≈..⌠.⌠..≈≈.≈..
#.≈.)).≈..∩∩∩.....≈o.
#.≈.≈≈.≈..⌠.⌠..≈≈.≈..
#.≈≈.≈.≈≈≈...≈≈≈.≈≈.$
##.≈.≈≈..≈≈≈≈≈..≈≈..⌠
#.≈≈.≈≈≈.....≈≈≈...≈
#..≈≈..≈≈≈≈≈≈≈....≈≈


You could see a howler monkey (catching breath) and 4 orcs.

Vanquished Creatures
  Pikel (D:5)
  2 water moccasins
  2 ice beasts
  An orc warrior (D:6)
  3 ogres
  A phantom (D:5)
  A lemure (D:5)
  A kobold brigand (D:6)
  2 gnoll sergeants
  A scorpion (D:5)
  A wight (D:7)
  A howler monkey (D:6)
  A bombardier beetle (D:6)
  6 hounds
  3 orc priests
  6 iguanas
  7 orc wizards
  6 adders
  13 gnolls
  2 white imps (D:7)
  3 ribbon worms
  5 dart slugs
  34 orcs
  5 ball pythons
  3 bats
  7 endoplasms
  A giant cockroach (D:2)
  9 goblins
  5 hobgoblins
  3 jackals (D:2)
  3 quokkas
  5 frilled lizards
  14 kobolds
  7 rats
165 creatures vanquished.

Vanquished Creatures (others)
  A sky beast (D:7)
1 creature vanquished.

Grand Total: 166 creatures vanquished

Notes
Turn   | Place    | Note
-------+----------+-------------------------------------------
     0 | D:1      | lunkers the Oni Berserker began the quest for the Orb.
     0 | D:1      | Reached XP level 1. HP: 24/24 MP: 1/1
   115 | D:1      | Reached XP level 2. HP: 31/32 MP: 2/2
   171 | D:1      | Found Orghiyci's General Store.
   326 | D:1      | Reached skill level 4 in Maces & Flails
   513 | D:2      | Reached XP level 3. HP: 39/39 MP: 3/3
   576 | D:2      | Reached ** piety under Trog
  1099 | D:2      | Reached XP level 4. HP: 35/48 MP: 1/4
  1102 | D:2      | Reached skill level 5 in Maces & Flails
  1595 | D:3      | Reached XP level 5. HP: 54/54 MP: 5/5
  2010 | D:4      | Reached skill level 6 in Maces & Flails
  2256 | D:4      | Found a staircase to the Ecumenical Temple.
  2263 | D:4      | Reached XP level 6. HP: 58/62 MP: 6/6
  2619 | D:5      | Entered Level 5 of the Dungeon
  2622 | D:5      | Noticed a water moccasin
  2632 | D:5      | Killed a water moccasin
  2633 | D:5      | Reached skill level 7 in Maces & Flails
  2637 | D:5      | Reached XP level 7. HP: 37/70 MP: 2/7
  2711 | D:5      | Reached skill level 8 in Maces & Flails
  3153 | D:5      | Noticed Pikel
  3177 | D:5      | Killed Pikel
  3178 | D:5      | Reached skill level 9 in Maces & Flails
  3178 | D:5      | Reached XP level 8. HP: 83/83 MP: 5/8
  3255 | D:5      | Identified the +1 robe of the Good {rPois rC- Int+2 Dex+3}
  3414 | D:6      | Reached *** piety under Trog
  3415 | D:6      | Reached skill level 10 in Maces & Flails
  3615 | D:6      | Found a shimmering blue altar of Sif Muna.
  3657 | D:6      | Reached XP level 9. HP: 30/93 MP: 2/9
  4288 | D:6      | Reached skill level 11 in Maces & Flails
  4540 | D:6      | Found Ufeeskah's Antique Armour Shoppe.
  5906 | D:7      | Found a flagged portal.
  5911 | D:7      | Reached **** piety under Trog
  5945 | Bailey   | Entered a bailey
  5980 | Bailey   | Reached skill level 1 in Shields
  5984 | Bailey   | HP: 6/145 [orc/+0 halberd (9)]
  5985 | Bailey   | Slain by an orc

Illustrated notes

Levels and vault maps discovered:
D:1:      spicycebolla_arrival_transporter_tutorial, layout_rooms, serial_shops,
          shop
D:2:      layout_basic
D:3:      layout_rooms, nicolae_concentric_dashed_squares_mild
D:4:      layout_basic, minmay_temple_entry_junction, minmay_misc_feat_encased
D:5:      layout_cave_pools, uniq_pikel
D:6:      layout_layer_cave, lemuel_crystal_altar, serial_shops, shop,
          grunt_ministairs_5, minmay_starry_boxes
D:7:      layout_loops_cross, enter_bailey_5, nicolae_take_the_stairs,
          minmay_misc_feat_pillars, hangedman_decor_growths,
          kennysheep_generic_room_15, uniq_maurice
Bailey:   bailey_polearm_flooded_kennysheep, bailey

Skill      XL: |  1  2  3  4  5  6  7  8  9 |
---------------+----------------------------+-----
Maces & Flails | 4 5 6 7 9 10 11 | 11.6
Fighting       | 6 7 8 |  8.9
Shields        | 1 |  1.0
Dodging        | |  2.6

Action                     |  1- 3 |  4- 6 |  7- 9 || total
---------------------------+-------+-------+-------++-------
  Melee: Mace              |    86 |     8 |       ||    94
         Headbutt          |    10 |    14 |    40 ||    64
         Punch             |     2 |     5 |       ||     7
         Flail             |       |    84 |       ||    84
         Giant spiked club |       |       |    54 ||    54
         Giant club        |       |       |   153 ||   153
         Morningstar       |       |       |    62 ||    62
  Throw: Stone             |    38 |    15 |       ||    53
 Invoke: Berserk           |     2 |     3 |     4 ||     9
         Trog's Hand       |       |       |     1 ||     1
  Evoke: Wand              |       |       |     1 ||     1
    Use: Scroll            |       |       |    11 ||    11
   Stab: Sleeping          |       |       |     1 ||     1
 Armour: Animal skin       |    69 |    55 |   252 ||   376
  Dodge: Dodged            |    39 |    46 |   146 ||   231
  Block: Kite shield       |       |       |    39 ||    39

Table legend: (Time is in decaauts)
 A = Elapsed time spent in this place.
 B = Non-inter-level travel time spent in this place.
 C = Inter-level travel time spent in this place.
 D = Time resting spent in this place.
 E = Time spent auto-exploring this place.
 F = Levels seen in this place.
 G = Mean time per level.
                   A        B        C        D        E       F      G
               +--------+--------+--------+--------+--------+-----+--------+
         Total |   6101 |   5957 |    144 |    141 |   4761 |   8 |  762.6 |
       Dungeon |   6064 |   5920 |    144 |    141 |   4761 |   7 |  866.3 |
        Bailey |     36 |     36 |      0 |      0 |      0 |   1 |   36.0 |
               +--------+--------+--------+--------+--------+-----+--------+

Top non-repeatable levels by time:
     D:6: 2399 daAuts
     D:2: 1104 daAuts
     D:5: 750 daAuts
     D:4: 635 daAuts
     D:1: 516 daAuts
     D:3: 418 daAuts
     D:7: 240 daAuts
  Bailey: 36 daAuts
